General information
- name: BNet
- type: Ladder team game (AT/RT)
- host: Battle.net
- saver: fockinchrlstman
map: Deadlands
- players: 8
- length: 47:13
- speed: Fast
- version: 1.26 W3XP
- replay type: Public
» download(266 KB)
Players
team 1 (winner)
4v4playmaker (
red | 68 APM | 1512 actions | 22:05)
4 Death Knight
2 Death Coil
2 Unholy Aura
2 Lich
1 Frost Nova
1 Frost Armor
» actions
| Assign group hotkey | 22 | |
| Basic commands | 25 | |
| Build / train | 56 | |
| ESC pressed | 9 | |
| Enter build submenu | 15 | |
| Enter hero's abilities submenu | 6 | |
| Give item / drop item | 5 | |
| Right click | 444 | |
| Select / deselect | 616 | |
| Select group hotkey | 229 | |
| Use ability | 85 | |
1512 total
» units
| Acolyte | 10 | |
| Ghoul | 2 | |
| Crypt Fiend | 12 | |
| Frost Wyrm | 3 | |
| Goblin Zeppelin | 1 | |
28 total
» upgrades
| Creature Attack | 2 | |
| Web | 1 | |
| Freezing Breath | 1 | |
4 total
» buildings
| Crypt | 1 | |
| Graveyard | 1 | |
| Altar of Darkness | 1 | |
| Ziggurat | 6 | |
| Tomb of Relics | 1 | |
| Halls of the Dead | 2 | |
| Nerubian Tower | 1 | |
| Black Citadel | 1 | |
| Sacrificial Pit | 1 | |
| Boneyard | 1 | |
| Spirit Tower | 1 | |
| Slaughterhouse | 1 | |
18 total
» build order
00:22 Crypt
00:37 Graveyard
00:49 Altar of Darkness
01:15 Ziggurat
01:51 Tomb of Relics
02:13 Ziggurat
03:24 Halls of the Dead
03:54 Nerubian Tower
04:54 Ziggurat
06:46 Black Citadel
07:00 Ziggurat
07:40 Sacrificial Pit
09:23 Boneyard
10:02 Ziggurat
10:28 Spirit Tower
15:01 Ziggurat
19:35 Slaughterhouse
» items
| Rod of Necromancy | 4 | |
| Dust of Appearance | 2 | |
| Scroll of Town Portal | 3 | |
| Orb of Corruption | 1 | |
10 total

»
369852147 (
blue | 39 APM | 963 actions | 24:38)
2 Crypt Lord
1 Impale
1 Spiked Carapace
» actions
| Basic commands | 9 | |
| Build / train | 61 | |
| Enter build submenu | 29 | |
| Enter hero's abilities submenu | 2 | |
| Give item / drop item | 1 | |
| Remove unit from queue | 1 | |
| Right click | 547 | |
| Select / deselect | 250 | |
| Use ability | 63 | |
963 total
» units
| Acolyte | 13 | |
| Ghoul | 8 | |
| Crypt Fiend | 7 | |
| Frost Wyrm | 1 | |
29 total
» upgrades
| Creature Carapace | 2 | |
| Creature Attack | 2 | |
| Web | 1 | |
| Freezing Breath | 1 | |
| Burrow | 1 | |
7 total
» buildings
| Altar of Darkness | 1 | |
| Ziggurat | 13 | |
| Crypt | 1 | |
| Nerubian Tower | 8 | |
| Graveyard | 1 | |
| Tomb of Relics | 2 | |
| Spirit Tower | 3 | |
| Halls of the Dead | 1 | |
| Necropolis | 1 | |
| Black Citadel | 1 | |
| Sacrificial Pit | 1 | |
| Boneyard | 3 | |
| Guard Tower | 2 | |
38 total
» build order
00:17 Altar of Darkness
00:24 Ziggurat
01:00 Crypt
01:10 Ziggurat
01:27 Nerubian Tower
01:43 Graveyard
02:36 Tomb of Relics
03:07 Ziggurat
03:32 Spirit Tower
04:53 Nerubian Tower
04:57 Halls of the Dead
06:31 Ziggurat
06:35 Ziggurat
06:57 Necropolis
07:26 Ziggurat
07:28 Nerubian Tower
07:30 Nerubian Tower
07:33 Ziggurat
07:56 Black Citadel
08:22 Spirit Tower
08:27 Spirit Tower
09:28 Sacrificial Pit
10:05 Ziggurat
10:08 Tomb of Relics
10:36 Boneyard
10:40 Boneyard
10:47 Boneyard
10:58 Ziggurat
11:04 Ziggurat
12:13 Nerubian Tower
16:13 Ziggurat
16:17 Ziggurat
16:22 Ziggurat
17:12 Nerubian Tower
17:16 Nerubian Tower
17:19 Nerubian Tower
23:30 Guard Tower
23:30 Guard Tower
» items
| Rod of Necromancy | 1 | |
| Sacrificial Skull | 1 | |
| Boots of Speed | 1 | |
| Orb of Corruption | 1 | |
| Dust of Appearance | 1 | |
| Circlet of Nobility | 1 | |
| Staff of Teleportation | 1 | |
7 total
STRETCHnutts (
green | 34 APM | 743 actions | 22:10)
3 Mountain King
2 Storm Bolt
1 Thunder Clap
» actions
| Assign group hotkey | 36 | |
| Build / train | 78 | |
| Enter build submenu | 33 | |
| Enter hero's abilities submenu | 3 | |
| Give item / drop item | 1 | |
| Right click | 193 | |
| Select / deselect | 227 | |
| Select group hotkey | 106 | |
| Use ability | 66 | |
743 total
» units
| Peasant | 14 | |
| Footman | 10 | |
| Priest | 8 | |
| Knight | 3 | |
| Mortar Team | 4 | |
| Goblin Shredder | 2 | |
| Siege Engine | 4 | |
45 total
» upgrades
| Lumber Harvesting | 2 | |
| Plating | 1 | |
| Swords | 1 | |
| Priest Training | 2 | |
| Animal War Training | 1 | |
| Fragmentation Shards | 1 | |
| Masonry | 1 | |
| Flare | 1 | |
| Barrage | 1 | |
11 total
» buildings
| Lumber Mill | 2 | |
| Barracks | 1 | |
| Altar of Kings | 1 | |
| Farm | 13 | |
| Arcane Vault | 1 | |
| Keep | 1 | |
| Blacksmith | 1 | |
| Town Hall | 1 | |
| Scout Tower | 14 | |
| Guard Tower | 9 | |
| Arcane Sanctum | 1 | |
| Castle | 1 | |
| Workshop | 2 | |
| Gryphon Aviary | 1 | |
49 total
» build order
00:19 Lumber Mill
00:39 Barracks
00:52 Altar of Kings
00:58 Farm
01:26 Farm
02:10 Farm
02:49 Arcane Vault
03:12 Farm
04:26 Keep
04:31 Blacksmith
06:01 Town Hall
06:07 Scout Tower
06:10 Scout Tower
06:26 Scout Tower
06:31 Scout Tower
06:38 Farm
06:50 Guard Tower
07:23 Arcane Sanctum
07:50 Scout Tower
07:52 Scout Tower
07:55 Scout Tower
07:56 Scout Tower
08:19 Scout Tower
08:25 Scout Tower
08:30 Castle
08:45 Guard Tower
08:47 Guard Tower
08:51 Guard Tower
09:31 Lumber Mill
10:19 Guard Tower
10:25 Guard Tower
12:36 Workshop
12:40 Workshop
12:46 Gryphon Aviary
15:46 Scout Tower
15:51 Scout Tower
15:57 Scout Tower
16:23 Scout Tower
16:26 Guard Tower
16:40 Farm
16:41 Farm
16:46 Farm
16:46 Farm
16:48 Guard Tower
16:51 Farm
16:52 Farm
17:57 Guard Tower
20:48 Farm
20:54 Farm
» items
| Boots of Speed | 1 | |
| Periapt of Vitality | 1 | |
| Potion of Lesser Invulnerability | 1 | |
| Scroll of Town Portal | 3 | |
| Orb of Fire | 1 | |
7 total
fockinchrlstman (
purple | 95 APM | 4468 actions | 47:13)
10 Blademaster
3 Wind Walk
3 Critical Strike
1 Bladestorm
3 Mirror Image
» actions
| Assign group hotkey | 230 | |
| Basic commands | 81 | |
| Build / train | 132 | |
| ESC pressed | 5 | |
| Enter build submenu | 78 | |
| Enter hero's abilities submenu | 10 | |
| Give item / drop item | 8 | |
| Right click | 2077 | |
| Select / deselect | 503 | |
| Select group hotkey | 1005 | |
| Use ability | 339 | |
4468 total
» units
| Peon | 20 | |
| Grunt | 5 | |
| Wind Rider | 5 | |
| Goblin Shredder | 3 | |
| Troll Headhunter/Berserker | 16 | |
49 total
» upgrades
| Berserker Strength | 1 | |
| Pillage | 1 | |
| Armor | 3 | |
| Ranged Weapons | 3 | |
| Reinforced Defenses | 1 | |
| Envenomed Spears | 1 | |
| Berserker Upgrade | 1 | |
| Spiked Barricades | 3 | |
| Troll Regeneration | 1 | |
| Masonry | 1 | |
16 total
» buildings
| Orc Burrow | 9 | |
| Altar of Storms | 1 | |
| Barracks | 6 | |
| Voodoo Lounge | 3 | |
| Stronghold | 2 | |
| War Mill | 1 | |
| Great Hall | 7 | |
| Watch Tower | 40 | |
| Fortress | 3 | |
| Beastiary | 2 | |
| Scout Tower | 7 | |
| Guard Tower | 7 | |
88 total
» build order
00:13 Orc Burrow
01:07 Altar of Storms
01:14 Barracks
01:17 Orc Burrow
02:16 Orc Burrow
03:20 Orc Burrow
03:35 Voodoo Lounge
04:32 Stronghold
04:32 Stronghold
05:27 War Mill
05:49 Great Hall
07:04 Great Hall
07:25 Watch Tower
07:26 Watch Tower
08:07 Fortress
08:07 Fortress
08:46 Beastiary
08:47 Beastiary
08:53 Watch Tower
08:55 Watch Tower
08:57 Watch Tower
08:58 Watch Tower
09:45 Orc Burrow
11:29 Watch Tower
11:30 Watch Tower
11:34 Watch Tower
12:08 Watch Tower
12:09 Watch Tower
12:22 Watch Tower
12:44 Watch Tower
12:45 Watch Tower
17:04 Watch Tower
17:06 Watch Tower
17:07 Watch Tower
19:24 Barracks
19:25 Barracks
19:27 Barracks
19:28 Barracks
19:49 Watch Tower
19:57 Watch Tower
19:59 Watch Tower
21:55 Watch Tower
21:57 Watch Tower
21:58 Watch Tower
22:02 Watch Tower
22:21 Scout Tower
22:21 Scout Tower
22:22 Scout Tower
22:26 Scout Tower
22:30 Scout Tower
22:50 Watch Tower
22:52 Guard Tower
22:53 Guard Tower
22:55 Scout Tower
22:57 Scout Tower
23:16 Guard Tower
23:17 Guard Tower
23:17 Guard Tower
24:08 Watch Tower
24:09 Watch Tower
24:10 Watch Tower
24:12 Watch Tower
24:18 Watch Tower
24:23 Watch Tower
24:23 Watch Tower
24:24 Watch Tower
24:27 Watch Tower
24:28 Watch Tower
25:19 Orc Burrow
25:23 Watch Tower
26:37 Watch Tower
26:38 Watch Tower
26:43 Watch Tower
26:45 Watch Tower
29:11 Great Hall
29:18 Great Hall
31:32 Orc Burrow
31:33 Orc Burrow
31:40 Orc Burrow
31:43 Barracks
34:32 Voodoo Lounge
36:18 Great Hall
36:22 Great Hall
36:41 Voodoo Lounge
39:53 Great Hall
» items
| Healing Salve | 8 | |
| Lesser Clarity Potion | 4 | |
| Scroll of Town Portal | 4 | |
| Orb of Lightning | 1 | |
| Potion of Healing | 2 | |
| Potion of Mana | 4 | |
| Boots of Speed | 1 | |
| Periapt of Vitality | 1 | |
25 total
team 2 (loser)

»
DooDoo (
pink | 62 APM | 2930 actions | 47:11)
6 Death Knight
3 Death Coil
2 Unholy Aura
1 Animate Dead
5 Lich
3 Frost Nova
2 Frost Armor
» actions
| Assign group hotkey | 21 | |
| Basic commands | 14 | |
| Build / train | 81 | |
| ESC pressed | 4 | |
| Enter build submenu | 26 | |
| Enter hero's abilities submenu | 11 | |
| Give item / drop item | 1 | |
| Right click | 1415 | |
| Select / deselect | 363 | |
| Select group hotkey | 901 | |
| Use ability | 93 | |
2930 total
» units
| Acolyte | 12 | |
| Ghoul | 5 | |
| Crypt Fiend | 8 | |
| Draenei Disciple | 2 | |
| Frost Wyrm | 10 | |
37 total
» upgrades
| Creature Attack | 3 | |
| Creature Carapace | 3 | |
| Web | 1 | |
| Freezing Breath | 1 | |
8 total
» buildings
| Graveyard | 1 | |
| Crypt | 1 | |
| Ziggurat | 10 | |
| Altar of Darkness | 1 | |
| Tomb of Relics | 1 | |
| Halls of the Dead | 2 | |
| Sacrificial Pit | 1 | |
| Spirit Tower | 8 | |
| Black Citadel | 1 | |
| Boneyard | 2 | |
| Nerubian Tower | 1 | |
29 total
» build order
00:23 Graveyard
00:27 Crypt
00:34 Ziggurat
01:15 Altar of Darkness
01:49 Ziggurat
02:49 Tomb of Relics
04:01 Halls of the Dead
04:01 Halls of the Dead
04:40 Ziggurat
06:44 Ziggurat
09:20 Sacrificial Pit
09:57 Ziggurat
09:58 Ziggurat
10:01 Ziggurat
10:51 Spirit Tower
10:52 Spirit Tower
10:52 Spirit Tower
10:55 Spirit Tower
10:55 Spirit Tower
11:53 Ziggurat
11:56 Black Citadel
13:38 Spirit Tower
13:38 Spirit Tower
14:35 Boneyard
14:39 Boneyard
18:12 Ziggurat
18:18 Ziggurat
19:38 Spirit Tower
21:26 Nerubian Tower
» items
| Scroll of Town Portal | 4 | |
| Potion of Healing | 4 | |
| Orb of Corruption | 1 | |
| Scroll of Healing | 1 | |
10 total
MyGoyimFriendz (
teal | 58 APM | 2095 actions | 36:09)
7 Blademaster
3 Wind Walk
3 Critical Strike
1 Bladestorm
» actions
| Assign group hotkey | 19 | |
| Basic commands | 107 | |
| Build / train | 73 | |
| ESC pressed | 7 | |
| Enter build submenu | 17 | |
| Enter hero's abilities submenu | 7 | |
| Give item / drop item | 2 | |
| Right click | 635 | |
| Select / deselect | 290 | |
| Select group hotkey | 768 | |
| Use ability | 170 | |
2095 total
» units
| Peon | 7 | |
| Troll Batrider | 22 | |
| Wind Rider | 1 | |
30 total
» upgrades
| Ranged Weapons | 3 | |
| Liquid Fire | 1 | |
| Armor | 3 | |
| Reinforced Defenses | 1 | |
| Envenomed Spears | 1 | |
| War Drums Damage Increase | 1 | |
10 total
» buildings
| Altar of Storms | 1 | |
| Orc Burrow | 4 | |
| Voodoo Lounge | 4 | |
| Stronghold | 2 | |
| War Mill | 1 | |
| Watch Tower | 3 | |
| Beastiary | 3 | |
| Fortress | 1 | |
19 total
» build order
00:12 Altar of Storms
00:20 Orc Burrow
00:53 Voodoo Lounge
01:58 Stronghold
01:59 Stronghold
02:17 Orc Burrow
02:32 War Mill
04:01 Watch Tower
04:02 Watch Tower
04:18 Watch Tower
04:28 Beastiary
04:32 Fortress
05:42 Beastiary
05:52 Beastiary
05:55 Orc Burrow
09:58 Orc Burrow
28:03 Voodoo Lounge
28:04 Voodoo Lounge
28:25 Voodoo Lounge
» items
| Healing Salve | 6 | |
| Lesser Clarity Potion | 8 | |
| Boots of Speed | 1 | |
| Staff of Teleportation | 1 | |
| Orb of Lightning | 1 | |
| Scroll of Speed | 2 | |
| Scroll of Protection | 1 | |
| Scroll of Healing | 1 | |
21 total
DaPartyDude (
yellow | 40 APM | 1893 actions | 47:11)
7 Blademaster
3 Wind Walk
3 Critical Strike
1 Mirror Image
» actions
| Assign group hotkey | 20 | |
| Basic commands | 269 | |
| Build / train | 82 | |
| Enter build submenu | 73 | |
| Enter hero's abilities submenu | 9 | |
| Give item / drop item | 5 | |
| Remove unit from queue | 3 | |
| Right click | 689 | |
| Select / deselect | 388 | |
| Select group hotkey | 141 | |
| Use ability | 214 | |
1893 total
» units
| Peon | 14 | |
| Grunt | 4 | |
| Goblin Shredder | 1 | |
| Goblin Sapper | 10 | |
| Goblin Zeppelin | 1 | |
| Wind Rider | 8 | |
38 total
» upgrades
| Reinforced Defenses | 1 | |
| Envenomed Spears | 1 | |
| Ranged Weapons | 3 | |
| Armor | 3 | |
8 total
» buildings
| Orc Burrow | 8 | |
| Altar of Storms | 1 | |
| Barracks | 1 | |
| Voodoo Lounge | 1 | |
| Stronghold | 2 | |
| War Mill | 2 | |
| Great Hall | 3 | |
| Watch Tower | 56 | |
| Fortress | 1 | |
| Beastiary | 5 | |
80 total
» build order
00:19 Orc Burrow
01:09 Altar of Storms
01:11 Barracks
01:17 Orc Burrow
02:14 Voodoo Lounge
02:56 Stronghold
02:57 Stronghold
03:57 War Mill
04:21 Orc Burrow
05:21 Great Hall
07:10 Watch Tower
07:11 Watch Tower
07:11 Watch Tower
08:14 Orc Burrow
09:31 Fortress
09:44 Watch Tower
09:44 Watch Tower
09:45 Watch Tower
09:50 Watch Tower
09:50 Watch Tower
09:51 Watch Tower
09:53 Watch Tower
09:56 Watch Tower
11:46 Watch Tower
11:51 Great Hall
11:53 Watch Tower
11:56 Watch Tower
12:00 Watch Tower
12:02 Watch Tower
12:31 Watch Tower
12:36 Watch Tower
13:44 Orc Burrow
18:04 Watch Tower
18:05 Watch Tower
18:05 Watch Tower
18:06 Watch Tower
18:09 Watch Tower
18:09 Watch Tower
18:18 Watch Tower
18:19 Watch Tower
18:20 Watch Tower
18:21 Watch Tower
18:23 Watch Tower
20:08 Beastiary
20:10 Beastiary
20:19 Beastiary
20:29 Beastiary
20:34 Beastiary
20:41 Orc Burrow
22:04 Watch Tower
22:05 Watch Tower
22:05 Watch Tower
22:05 Watch Tower
22:09 Watch Tower
23:09 War Mill
23:15 Orc Burrow
23:17 Orc Burrow
23:56 Watch Tower
23:57 Watch Tower
27:30 Great Hall
27:33 Watch Tower
27:34 Watch Tower
27:34 Watch Tower
27:39 Watch Tower
27:39 Watch Tower
27:41 Watch Tower
27:42 Watch Tower
28:23 Watch Tower
28:24 Watch Tower
28:24 Watch Tower
28:25 Watch Tower
28:27 Watch Tower
28:28 Watch Tower
28:29 Watch Tower
28:29 Watch Tower
28:56 Watch Tower
» items
| Healing Salve | 4 | |
| Orb of Lightning | 1 | |
| Potion of Mana | 4 | |
| Lesser Clarity Potion | 4 | |
| Scroll of Town Portal | 5 | |
| Boots of Speed | 1 | |
| Periapt of Vitality | 1 | |
| Staff of Teleportation | 1 | |
| Potion of Healing | 1 | |
22 total

»
Panserthjorne (
orange | 43 APM | 1573 actions | 36:31)
6 Blademaster
3 Wind Walk
2 Mirror Image
1 Bladestorm
» actions
| Assign group hotkey | 30 | |
| Basic commands | 7 | |
| Build / train | 70 | |
| Enter build submenu | 39 | |
| Enter hero's abilities submenu | 6 | |
| Remove unit from queue | 3 | |
| Right click | 658 | |
| Select / deselect | 497 | |
| Select group hotkey | 190 | |
| Use ability | 73 | |
1573 total
» units
| Peon | 15 | |
| Grunt | 4 | |
| Raider | 21 | |
| Kodo Beast | 1 | |
| Wind Rider | 6 | |
47 total
» upgrades
| Melee Weapons | 3 | |
| Armor | 3 | |
| Ensnare | 1 | |
| Berserker Strength | 1 | |
| Pillage | 1 | |
9 total
» buildings
| Altar of Storms | 1 | |
| Barracks | 1 | |
| Orc Burrow | 9 | |
| War Mill | 1 | |
| Voodoo Lounge | 2 | |
| Watch Tower | 8 | |
| Stronghold | 1 | |
| Beastiary | 3 | |
| Great Hall | 6 | |
| Fortress | 1 | |
33 total
» build order
00:24 Altar of Storms
00:54 Barracks
01:10 Orc Burrow
01:45 War Mill
02:00 Orc Burrow
02:03 Orc Burrow
02:32 Voodoo Lounge
03:19 Watch Tower
04:33 Stronghold
05:01 Orc Burrow
07:03 Beastiary
07:06 Beastiary
07:16 Beastiary
09:58 Great Hall
10:21 Watch Tower
10:33 Watch Tower
10:44 Orc Burrow
11:59 Orc Burrow
12:08 Watch Tower
13:25 Watch Tower
13:26 Watch Tower
13:32 Orc Burrow
14:15 Fortress
15:56 Watch Tower
16:02 Voodoo Lounge
18:50 Orc Burrow
19:30 Watch Tower
20:30 Orc Burrow
24:06 Great Hall
24:12 Great Hall
25:47 Great Hall
28:02 Great Hall
28:57 Great Hall
» items
Chat log
(00:10 / All) DooDoo: bruhhhhh!
(00:37 / All) DaPartyDude: you're a mean one mr grinch
(00:40 / All) DaPartyDude: you really are a heel
(00:44 / All) fockinchrlstman: MERRY CHRISTMAS EVERYONE
(00:47 / All) fockinchrlstman: HOH OH OHOHOHHOHO
(00:49 / All) Panserthjorne: OSHIIII
(00:55 / All) DaPartyDude: you're as charming as an eel, MR GRINCH
(01:03 / All) Panserthjorne: i like eel tho
(01:04 / All) DaPartyDude: you're a bad banana with a greasay black peel
(02:55 / All) fockinchrlstman: good vodka is so much better than cheap shit
(02:57 / All) fockinchrlstman: doesn't burn at all
(03:26 / All) fockinchrlstman: level 1 harassing dumbass
(03:31 / All) fockinchrlstman: get out of here you fucking jew
(03:49 / Allies) STRETCHnutts: wake up red
(03:50 / Allies) STRETCHnutts: fuck
(04:21 / All) DooDoo: BRUH
(04:22 / All) MyGoyimFriendz: oh you swindling, goy
(07:55 / All) DaPartyDude: right as I start making the towers
(08:32 / All) fockinchrlstman: raped
(08:48 / All) MyGoyimFriendz: gj
(10:50 / All) DaPartyDude: red mhs
(11:43 / All) DaPartyDude: mhing faggot
(13:35 / All) DaPartyDude: delay
(16:39 / All) DaPartyDude: I got over 1 sec delay
(16:59 / All) DaPartyDude: 2 mississippi delay
(17:27 / Allies) STRETCHnutts: stop the bats fuck
(17:54 / Allies) STRETCHnutts: so fucking annpyiong
(18:09 / Allies) STRETCHnutts: leave a spider
(18:19 / Allies) STRETCHnutts: nm
(19:07 / Allies) STRETCHnutts: fight
(19:11 / Allies) STRETCHnutts: dont run
(20:10 / Allies) STRETCHnutts: just tower the whole map
(20:55 / All) DooDoo: omw teal
(22:05 / Allies) STRETCHnutts: worthless fusks
(22:11 / All) DooDoo: gg
(22:17 / All) fockinchrlstman: yeah you lose gg
(22:19 / All) fockinchrlstman: time for you to go
(22:22 / All) DooDoo: good job purp
(22:26 / All) DooDoo: you did nothing
(22:34 / All) fockinchrlstman: I won
(23:18 / All) Panserthjorne: wtf happened to red?
(23:24 / All) Panserthjorne: unsummon?
(23:30 / All) DaPartyDude: rage quit
(24:24 / All) Panserthjorne: ENJOY YOUR EARLY CHRISTMAS PRESENT
(24:27 / All) Panserthjorne: NO LUBE INCLUDED
(24:30 / All) fockinchrlstman: you lose
(24:34 / All) fockinchrlstman: enjoy yours
(24:37 / All) fockinchrlstman: it's a surprise
(24:43 / All) Panserthjorne: clearly
(24:49 / All) fockinchrlstman: no lube
(26:07 / All) fockinchrlstman: no lube
(26:08 / All) fockinchrlstman: take it
(26:11 / All) fockinchrlstman: no
(26:14 / All) fockinchrlstman: the surprise has yet to come
(26:20 / All) Panserthjorne: u fux'd
(26:20 / All) fockinchrlstman: still raped you though
(26:27 / All) Panserthjorne: i wasn't even there so
(26:31 / All) Panserthjorne: not really
(26:32 / All) fockinchrlstman: you lose
(26:33 / All) fockinchrlstman: out
(27:18 / All) DooDoo: leave you dirty slut
(27:22 / All) fockinchrlstman: you leave
(27:23 / All) fockinchrlstman: you lost
(27:24 / All) fockinchrlstman: out
(27:33 / All) DooDoo: denial
(27:40 / All) fockinchrlstman: no
(27:43 / All) fockinchrlstman: I know something you don't
(27:46 / All) fockinchrlstman: and you are too daft to realise it
(29:15 / All) DooDoo: feed me your HH purp
(29:19 / All) fockinchrlstman: you lose
(29:24 / All) fockinchrlstman: out
(29:26 / All) fockinchrlstman: surprise!!!!
(29:26 / All) DooDoo: feed meeeee
(29:27 / All) fockinchrlstman: no lube!!!
(29:34 / All) fockinchrlstman: surprise!
(29:37 / All) fockinchrlstman: merry christmas!
(30:24 / All) fockinchrlstman: surprise!
(30:30 / All) fockinchrlstman: out!
(30:32 / All) DooDoo: lol wow
(30:37 / All) fockinchrlstman: merry christmas!
(30:56 / All) fockinchrlstman: merry christmas everyone!!!!
(32:09 / All) fockinchrlstman: bye!!!!
(32:11 / All) fockinchrlstman: merry christmas!
(32:12 / All) fockinchrlstman: no lube!
(32:14 / All) fockinchrlstman: denial!
(32:34 / All) fockinchrlstman: you only shit talk when you know you've won LOL
(32:39 / All) fockinchrlstman: "know"
(32:46 / All) DooDoo: this is retarded lol
(32:50 / All) fockinchrlstman: you are retarded
(32:51 / All) DooDoo: are you both players ?
(32:54 / All) fockinchrlstman: out
(32:59 / All) fockinchrlstman: YES
(33:09 / All) DooDoo: well gg
(33:22 / All) DaPartyDude: I AM PURPLE
(33:25 / All) fockinchrlstman: I AM YELLOW
(33:30 / All) DooDoo: cool
(34:59 / All) fockinchrlstman: raped
(35:12 / All) DaPartyDude: YOU'RE A MEAN ONE MR GRINCH
(35:16 / All) MyGoyimFriendz: well good luck with your trolling on wc3
(35:19 / All) MyGoyimFriendz: gg
(35:23 / All) DooDoo: Gg kid
(35:25 / All) fockinchrlstman: out
(35:26 / All) fockinchrlstman: lol
(35:26 / All) DaPartyDude: thank you, but with skills like this
(35:27 / All) MyGoyimFriendz: youre very cool btw
(35:29 / All) fockinchrlstman: no lube
(35:30 / All) fockinchrlstman: denial
(35:32 / All) MyGoyimFriendz: this is high class gaming
(35:34 / All) fockinchrlstman: yeah I don't
(35:35 / All) DooDoo: lol earn this win
(35:37 / All) fockinchrlstman: takes APM to control 2 players
(35:40 / All) DooDoo: come destroy bases
(35:53 / All) MyGoyimFriendz: takes nerdiness for sure
(35:59 / All) MyGoyimFriendz: elite keyboard warrior
(36:01 / All) MyGoyimFriendz: gl
(36:04 / All) fockinchrlstman: lol
(36:06 / All) DooDoo: lol
(36:34 / All) fockinchrlstman: RAPE
(36:42 / All) DaPartyDude: PLUG PULLAH
(36:46 / All) fockinchrlstman: nearly spat out vodka to him plug pulling
(36:51 / All) DooDoo: nah ima wait it out
(37:00 / All) DaPartyDude: well that's certainly very rude!
(37:05 / All) DaPartyDude: It's christmas have a heart
(37:25 / All) DooDoo: you can eat my dick for christmas
(37:30 / All) DaPartyDude: No thanks
(37:47 / All) fockinchrlstman: teal is a homo
(37:47 / All) DaPartyDude: Pink is the christmas grinch
(37:56 / All) DaPartyDude: Forcing us to kill these buildings just to give him a loss
(38:05 / All) DaPartyDude: That's absolutely tedious!
(38:06 / All) fockinchrlstman: He wants to feel like he has some amount of control
(38:35 / All) fockinchrlstman: Headhunters are actually pretty good lawl
(38:43 / All) fockinchrlstman: I was soloing the wyrms and raiders and shit almost
(39:51 / All) DaPartyDude: headhunters with shammies are good
(39:57 / All) DaPartyDude: and witch doctors
(40:04 / All) DaPartyDude: plus support heroes like TC and SH
(40:21 / All) DaPartyDude: |they're like rifle priests
(40:35 / All) DaPartyDude: but not as good
(40:51 / All) DaPartyDude: TC is better battle hero but AM got the better mobility
(40:59 / All) fockinchrlstman: Mass tp is overpowered
(41:06 / All) DaPartyDude: yeah it really is
(42:22 / All) fockinchrlstman: I think I like hh/bm more than rifles
(42:34 / All) fockinchrlstman: bm is just such a good hero especially with how we play
(42:46 / All) DaPartyDude: TC is way better wtih HH
(42:59 / All) fockinchrlstman: yeah but you can't go solo tc the same way if you feel like it
(43:04 / All) fockinchrlstman: or don't need to use whole army
(43:20 / All) DaPartyDude: You can it's just not as easy cuz no wind walk
(43:39 / All) DaPartyDude: Level 10 TC is blast to play tho
(43:43 / All) fockinchrlstman: Anything to say for yourself pink?
(43:52 / All) fockinchrlstman: I don't even remember all of tc's spells honestly
(43:58 / All) fockinchrlstman: shockwave, warstomp, endurance aura reincarnation?
(43:59 / All) fockinchrlstman: nvm
(44:00 / All) DaPartyDude: Shock wave rapes
(44:17 / All) DaPartyDude: Most people don't go for shockwave
(44:24 / All) DaPartyDude: they get stomp to get snipe
(44:38 / All) fockinchrlstman: like going shadow strike over fan of knives
(44:43 / All) DaPartyDude: yeah
(44:54 / All) DaPartyDude: you can solo armies with shock wae
(45:26 / All) DaPartyDude: Any last regrets, purple?
(45:34 / All) fockinchrlstman: Mirror image is such a cool spell that doesn't work out in multiplayer
(46:03 / All) DaPartyDude: It's 99.99% of the time worthless
(46:19 / All) fockinchrlstman: It has certain uses like in bm duels to avoid a hit
(46:23 / All) fockinchrlstman: I used that to kill teal bm earlier
(46:28 / All) fockinchrlstman: he thought he'd snipe my bm
(46:32 / All) DaPartyDude: oyu can get lucky and avoid bolt and shit
(46:35 / All) fockinchrlstman: after I was low hp killing the dk
(46:41 / All) fockinchrlstman: pink also thought he'd get my bm
(46:49 / All) fockinchrlstman: then he sends his low hp bm to finish my low hp bm
(46:53 / All) fockinchrlstman: but I mirror image and headhunters kill it lawl
(46:59 / All) DaPartyDude: lel
(47:02 / All) DaPartyDude: Alright
(47:05 / All) DaPartyDude: Time to die, son